 Dungeon Sprint DCSS version 0.31-a0-115-g4708a659fe (webtiles) character file.

Game seed: 9481266537131792537

9 gelatine the Trooper (level 2, 0/25 HPs)
             Began as a Demonspawn Berserker on May 29, 2023.
             Was a Follower of Trog.
             Killed from afar by an oklob sapling (25 damage)
             ... with a splash of acid
             ... in the Dungeon (Sprint IV: "Fedhas' Mad Dash").
             The game lasted 00:00:15 (32 turns).

gelatine the Trooper (Demonspawn Berserker)           Turns: 32, Time: 00:00:15

Health: 0/25       AC:  2    Str: 17    XL:     2   Next: 6%
Magic:  2/2        EV: 12    Int:  8    God:    Trog [*.....]
Gold:   0          SH:  0    Dex: 12    Spells: 1/1 levels left

rFire   . . .        a - +0 hand axe
rCold   . . .        (no shield)
rNeg    . . .        b - +0 animal skin
rPois   .            (no helmet)
rElec   .            (no cloak)
rCorr   .            (no gloves)
SInv    .            (no boots)
Will    .....        (no amulet)
Stlth   +            (no ring)
HPRegen 0.24/turn    (no ring)
MPRegen 0.08/turn

%: no teleportation
@: no status effects
A: powered by pain 1
a: Renounce Religion, Berserk


You were in the Dungeon.
You worshipped Trog.
Trog was aware of your devotion.
You visited 1 branch

Inventory:

Hand Weapons
 a - a +0 hand axe (weapon)
Armour
 b - a +0 animal skin (worn)
Scrolls
 h - a scroll of blinking
 i - a scroll of identify {unknown}
Potions
 c - a potion of curing
 d - a potion of heal wounds
 e - a potion of haste
 f - 2 potions of magic
 g - a potion of berserk rage


   Skills:
 * Level 3.9 Fighting
 * Level 3.7 Axes
 * Level 2.1 Armour
 * Level 2.1 Dodging


You had one spell level left.
You didn't know any spells.
Your spell library was empty.

Dungeon Overview and Level Annotations

Branches:
Dungeon (1/1)

Altars:

Annotations:
D exclusion: oklob sapling


Innate Abilities, Weirdness & Mutations

You sometimes gain a little power by taking damage.


Message History

There is an open door here.
The river rat barely misses you.
You barely miss the river rat. The river rat misses you.
You closely miss the river rat. The river rat closely misses you.
You barely miss the river rat. You hit the rat. The river rat bites you.
The rat barely misses you.
You hit the river rat.
The river rat is moderately wounded.
You barely miss the rat. The river rat barely misses you.
The rat closely misses you.
You hit the river rat.
The river rat is heavily wounded.
You hit the rat.
You kill the rat!
Trog accepts your kill. The river rat barely misses you.
The river rat misses you.
You barely miss the river rat.
The river rat is heavily wounded.
The river rat closely misses you.
You closely miss the river rat.
The river rat is heavily wounded.
The river rat closely misses you.
You hit the river rat.
You kill the river rat!
Trog accepts your kill.
Your Axes skill increases to level 3!
Your Armour skill increases to level 2!
Your Dodging skill increases to level 2!
You have reached level 2!
Your demonic ancestry asserts itself...
You feel energised by your suffering.
i - a scroll labelled ORUL LAVUOHO HP restored.
You open the door.
An oklob sapling comes into view.
Marking area around an oklob sapling as unsafe for travelling.
Found 40 gold pieces.
The oklob sapling spits acid at you. The splash of acid hits you!!
Ouch! That really hurt!
You die...

##################
#<..P#.†...#.$$$$#
#PP..'.....@.#
#PPPP#.....#P#
##############


You could see an oklob sapling.

Vanquished Creatures
  A river rat (D)
  A rat (D)
2 creatures vanquished.

Notes
Turn   | Place    | Note
-------+----------+-------------------------------------------
     0 | D        | gelatine the Demonspawn Berserker began the quest for the
                  | Orb.
     0 | D        | Reached XP level 1. HP: 18/18 MP: 1/1
    14 | D        | Gained mutation: You sometimes gain a little power by
                  | taking damage. [demonic ancestry]
    14 | D        | Reached XP level 2. HP: 21/25 MP: 2/2
    31 | D        | Noticed an oklob sapling
    32 | D        | Killed from afar by an oklob sapling

Illustrated notes

Levels and vault maps discovered:
D:        dungeon_sprint_fedhas [sprint_temple]

Skill      XL: |  1 |
---------------+----+-----
Axes           | 3 |  3.7
Armour         | 2 |  2.1
Dodging        | 2 |  2.1
Fighting       | |  3.9

Action                     || total
---------------------------++-------
  Melee: Hand axe          ||     8
  Dodge: Dodged            ||    10

Table legend: (Time is in decaauts)
 A = Elapsed time spent in this place.
 B = Non-inter-level travel time spent in this place.
 C = Inter-level travel time spent in this place.
 D = Time resting spent in this place.
 E = Time spent auto-exploring this place.
 F = Levels seen in this place.
 G = Mean time per level.
                   A        B        C        D        E       F      G
               +--------+--------+--------+--------+--------+-----+--------+
         Total |     33 |     33 |      0 |      0 |     17 |   1 |   33.0 |
       Dungeon |     33 |     33 |      0 |      0 |     17 |   1 |   33.0 |
               +--------+--------+--------+--------+--------+-----+--------+

Top non-repeatable levels by time:
       D: 33 daAuts
